 Dungeon Crawl Stone Soup version 0.25-a0-834-g55863b0b92 (webtiles) character file.

Game seed: 12634698531987101097, levelgen mode: deterministic

1449 Nixze the Slasher (level 8, -2/66 HPs)
             Began as a Vine Stalker Berserker on Apr 22, 2020.
             Was a High Priest of Trog.
             Slain by an ogre
             ... wielding a +0 giant spiked club
              (10 damage)
             ... on level 6 of the Dungeon.
             The game lasted 00:11:22 (5107 turns).

Nixze the Slasher (Vine Stalker Berserker)          Turns: 5107, Time: 00:11:23

Health: -2/66      AC:  7    Str: 21    XL:     8   Next: 75%
Magic:  0/3        EV: 13    Int: 10    God:    Trog [*****.]
Gold:   314        SH:  0    Dex: 15    Spells: 7/7 levels left

rFire    . . .     SeeInvis .   B - +7 great mace (antimagic)
rCold    . . .     Gourm    .   (shield currently unavailable)
rNeg     . . .     Faith    +   v - +0 scale mail
rPois    .         Spirit   +   q - +0 helmet
rElec    .         Reflect  .   (no cloak)
rCorr    .         Harm     .   (no gloves)
MR       +....                  (no boots)
Stlth    ..........             p - amulet of faith
HPRegen  0.61/turn              E - +3 ring of evasion
MPRegen  0.08/turn              u - +3 ring of intelligence

@: berserking, very quick
A: fangs 3, regeneration 1, magic shield, antimagic bite, no potion heal 3, rot
immunity
a: Berserk, Trog's Hand, Brothers in Arms, Renounce Religion


You were on level 6 of the Dungeon.
You worshipped Trog.
Trog was extremely pleased with you.
You were hungry.

You visited 1 branch of the dungeon, and saw 6 of its levels.

You collected 314 gold pieces.

Inventory:

Hand Weapons
 z - a +0 long sword
 A - the +1 dagger of Conversion {speed, MR++}
   (You found it on level 5 of the Dungeon)

   Attacks with this weapon are significantly faster.
   It affects your resistance to hostile enchantments.
 B - a +7 antimagic great mace (weapon)
Missiles
 d - 24 poisoned darts (quivered)
Armour
 q - a +0 helmet (worn)
 v - a +0 scale mail (worn)
Jewellery
 a - an uncursed amulet of the acrobat
 p - an amulet of faith (around neck)
 r - an uncursed ring of flight
 u - a +3 ring of intelligence (right hand)
 E - a +3 ring of evasion (left hand)
Scrolls
 b - 5 scrolls of identify
 f - 2 scrolls of remove curse
 g - a scroll of blinking {unknown}
 h - 3 scrolls of fog
 i - a scroll of noise {unknown}
 k - 5 scrolls of teleportation
 m - a scroll of random uselessness {unknown}
 o - a scroll of enchant weapon
 s - a scroll of enchant armour {unknown}
 y - a scroll of magic mapping {unknown}
 C - 2 scrolls of fear {unknown}
Potions
 e - 3 potions of might
 j - a potion of curing {unknown}
 l - 2 potions of stabbing
 n - 2 potions of ambrosia
 t - a potion of flight {unknown}
 x - 2 potions of lignification {unknown}
 D - a potion of mutation {unknown}
 F - a potion of magic {unknown}
Comestibles
 c - 16 rations
 w - 6 chunks of flesh


   Skills:
 + Level 5.9 Fighting
 - Level 7.3 Long Blades
 * Level 2.6 Maces & Flails
 + Level 3.1 Armour
 - Level 1.6 Dodging


You had 7 spell levels left.
You didn't know any spells.
Your spell library was empty.

Dungeon Overview and Level Annotations

Branches:
Dungeon (6/15)             Temple (0/1) D:4

Altars:
Ashenzari
Dithmenos
Sif Muna
Trog
Uskayaw
Zin

Annotations:
D:3 exclusion: door


Innate Abilities, Weirdness & Mutations

You have razor-sharp teeth.
Your natural rate of healing is unusually fast.
When hurt, damage is shared between your health and your magic reserves.
Your bite disrupts and absorbs the magic of your enemies.
Potions cannot restore your health.
You are immune to rotting.


Message History

The ogre moves out of view.
The ogre is too close now for your liking.
An ogre is nearby!
The ogre hits you with a +0 giant spiked club!
You bludgeon the ogre!! Your bite misses the ogre.
The ogre is severely wounded.
The ogre hits you with a +0 giant spiked club!
Your scale mail prevents you from hitting the ogre.
The ogre is severely wounded.
The ogre completely misses you.
You barely miss the ogre. You bite the ogre, but do no damage.
The ogre is severely wounded.
The ogre hits you with a +0 giant spiked club!!
* * * LOW HITPOINT WARNING * * *
You are too injured to fight recklessly!
A red film seems to cover your vision as you go berserk!
You feel yourself moving faster!
You feel mighty!
You are feeling hungry.
The ogre hits you with a +0 giant spiked club!
You die...

##. #.
#...###.####........
) #..##
.......#..[.. #..#
#.........#. #..#
.#.#.###.#.#.
..####.#... #.....
#........#.###.#...
......#..........#
#O##.##.###.###...
#@##.##.# #.###.#.
##.##.##.###.......
#................##
#.####.############
........# ##########


You could see an ogre.

Vanquished Creatures
  Sigmund (D:3)
  An ice beast (D:6)
  2 phantoms (D:5)
  A centaur (D:6)
  An ogre (D:6)
  A bullfrog (D:6)
  A scorpion (D:4)
  A crimson imp (D:6)
  3 orc priests
  A centaur zombie (D:6)
  A bullfrog skeleton (D:4)
  2 hounds
  An iguana (D:5)
  3 orc wizards
  4 worker ants
  A killer bee zombie (D:5)
  A hound zombie (D:5)
  A hound skeleton (D:4)
  5 adders
  7 gnolls
  3 adder skeletons (D:4)
  6 worms
  4 leopard geckos
  21 orcs
  4 giant cockroaches
  19 goblins
  15 hobgoblins
  3 quokkas
  6 bats
  8 frilled lizards
  16 kobolds
  A leopard gecko skeleton (D:4)
  7 rats
152 creatures vanquished.

Notes
Turn   | Place    | Note
-------+----------+-------------------------------------------
     0 | D:1      | Nixze the Vine Stalker Berserker began the quest for the
                  | Orb.
     0 | D:1      | Reached XP level 1. HP: 11/11 MP: 2/2
   288 | D:1      | Reached XP level 2. HP: 9/16 MP: 3/3
   453 | D:1      | Reached skill level 3 in Long Blades
  1092 | D:1      | Reached XP level 3. HP: 19/20 MP: 4/4
  1583 | D:2      | Found a shattered altar of Ashenzari.
  1836 | D:2      | Reached ** piety under Trog
  2274 | D:2      | Gained mutation: Your natural rate of healing is unusually
                  | fast. [Vine Stalker growth]
  2274 | D:2      | Reached XP level 4. HP: 20/24 MP: 3/5
  2275 | D:2      | Reached skill level 4 in Long Blades
  2511 | D:3      | Noticed Sigmund
  2520 | D:3      | Killed Sigmund
  2520 | D:3      | Reached skill level 5 in Long Blades
  2520 | D:3      | Reached XP level 5. HP: 26/29 MP: 3/6
  2520 | D:3      | Reached XP level 6. HP: 30/33 MP: 3/7
  2592 | D:3      | Found a glowing silver altar of Zin.
  3064 | D:3      | Found a shimmering blue altar of Sif Muna.
  3196 | D:3      | Found a hide-covered altar of Uskayaw.
  3196 | D:3      | Found a shadowy altar of Dithmenos.
  3327 | D:4      | Reached *** piety under Trog
  3354 | D:4      | Reached XP level 7. HP: 38/38 MP: 8/8
  3364 | D:4      | Reached skill level 6 in Long Blades
  3473 | D:4      | Found a bloodstained altar of Trog.
  3473 | D:4      | Noticed a moth of wrath
  3640 | D:4      | Found a staircase to the Ecumenical Temple.
  3881 | D:5      | Entered Level 5 of the Dungeon
  3888 | D:5      | Reached skill level 5 in Fighting
  4049 | D:5      | Reached **** piety under Trog
  4107 | D:5      | Reached skill level 7 in Long Blades
  4107 | D:5      | Gained mutation: You have razor-sharp teeth. [Vine Stalker
                  | growth]
  4107 | D:5      | Reached XP level 8. HP: 40/43 MP: 9/9
  4549 | D:5      | Got a blackened dagger
  4558 | D:5      | Identified the +1 dagger of Conversion {speed, MR++} (You
                  | found it on level 5 of the Dungeon)
  4632 | D:5      | Reached ***** piety under Trog
  4632 | D:5      | Received a gift from Trog
  4825 | D:6      | Reached skill level 1 in Maces & Flails
  5107 | D:6      | Slain by an ogre

Levels and vault maps discovered:
D:1:      lemuel_arrival_tunnels, layout_basic, minmay_tiny_reverse_x
D:2:      layout_basic, overflow_temple_1_default
D:3:      cheibrodos_pilgrimage, layout_loops_ring, overflow_temple_1_default,
          gammafunk_temple_overflow_wave, first_ration, led_sif_book,
          uniq_sigmund
D:4:      layout_cave_pools, tgw_trog, minmay_temple_entry_mini_moons
D:5:      corexii_shantytown, layout_loops_ring
D:6:      layout_loops_ring, ebering_ghost_rock_garden

Skill      XL: |  1  2  3  4  5  6  7  8 |
---------------+-------------------------+-----
Long Blades    | 3 5 7 |  7.3
Fighting       | 3 4 5 |  5.9
Armour         | 2 3 |  3.1
Maces & Flails | 2 |  2.6
Dodging        | |  1.6

Action                   |  1- 3 |  4- 6 |  7- 9 || total
-------------------------+-------+-------+-------++-------
Melee: Falchion          |   117 |   110 |    88 ||   315
       Bite              |    32 |    40 |    79 ||   151
       Long sword        |       |       |    80 ||    80
       Dagger            |       |       |    27 ||    27
       Great mace        |       |       |    20 ||    20
Throw: Dart              |       |     2 |       ||     2
Invok: Berserk           |     1 |     1 |     3 ||     5
       Trog's Hand       |       |     1 |       ||     1
  Use: Scroll            |       |       |     8 ||     8
  Eat: Chunk             |     4 |     6 |     8 ||    18
Armor: Ring mail         |    28 |    20 |       ||    48
       Scale mail        |       |    18 |    82 ||   100
Dodge: Dodged            |    44 |    49 |   116 ||   209
       Rpst.: Falchion   |     8 |    19 |    14 ||    41
       Long sword        |       |       |    11 ||    11

Table legend:
 A = Non-vault XP
 B = Vault XP
 C = Vault XP percentage of total XP
 D = Non-vault monster count
 E = Vault monster count
 F = Vault count percentage of total count
                 A         B        C        D         E       F
            +---------+---------+-------+---------+---------+-------
      Total |    1633 |     437 |  21.1 |     102 |      50 |  32.9
            +---------+---------+-------+---------+---------+-------
        D:1 |      31 |       4 |  11.4 |      21 |       2 |   8.7
        D:2 |     116 |       0 |   0.0 |      23 |       0 |   0.0
        D:3 |      77 |     314 |  80.3 |      15 |       8 |  34.8
        D:4 |     395 |      17 |   4.1 |      22 |       5 |  18.5
        D:5 |     473 |     102 |  17.7 |      13 |      35 |  72.9
        D:6 |     541 |       0 |   0.0 |       8 |       0 |   0.0
            +---------+---------+-------+---------+---------+-------
